 Dungeon Crawl Stone Soup version 0.22-a0-460-g49b1da7e92 (webtiles) character file.

177 Oravi the Gusty (level 5, 0/28 HPs)
             Began as a Tengu Air Elementalist on June 9, 2018.
             Succumbed to a worker ant's poison
             ... on level 4 of the Dungeon.
             The game lasted 00:09:48 (3109 turns).

Oravi the Gusty (Tengu Air Elementalist)            Turns: 3109, Time: 00:09:49

Health: 0/28       AC:  2    Str:  8    XL:     5   Next: 57%
Magic:  9/10       EV: 13    Int: 19    God:
Gold:   123        SH:  0    Dex: 15    Spells: 3/9 levels left

rFire    . . .     SeeInvis .   b - +0 whip
rCold    . . .     Gourm    .   (no shield)
rNeg     . . .     Faith    .   a - +0 robe
rPois    .         Spirit   .   (helmet restricted)
rElec    .         Reflect  .   (no cloak)
rCorr    .         Harm     .   (no gloves)
MR       .....                  (boots unavailable)
Stlth    +++.......             d - amulet of magic regeneration
HPRegen  0.09/turn              r - ring of stealth
MPRegen  0.37/turn              (no ring)

@: brilliant, lethally poisoned (0 -> -13)
A: beak, talons 3, dopey 1, wild magic 1, able to fly 1
a: Fly


You were on level 4 of the Dungeon.
You were hungry.

You visited 2 branches of the dungeon, and saw 5 of its levels.

You collected 123 gold pieces.

Inventory:

Hand Weapons
 b - a +0 whip (weapon)
Missiles
 f - 57 stones (quivered)
Armour
 a - a +0 robe (worn)
 k - a +0 buckler
Jewellery
 d - an amulet of magic regeneration (around neck)
 n - an uncursed ring of fire
 r - a ring of stealth (left hand)
Scrolls
 e - 2 scrolls of identify {unknown}
 g - 2 scrolls of magic mapping {unknown}
 i - a scroll of noise {unknown}
 j - 5 scrolls of fear {unknown}
 p - a scroll of amnesia {unknown}
 s - a scroll of teleportation {unknown}
Potions
 m - a potion of curing {unknown}
 o - a potion of heal wounds {unknown}
Comestibles
 c - 4 rations


   Skills:
 - Level 2.1 Dodging
 - Level 2.0 Stealth
 + Level 3.2 Shields
 - Level 2.8 Spellcasting
 - Level 3.2 Conjurations
 - Level 4.9 Air Magic


You had 3 spell levels left.
You knew the following spells:

 Your Spells              Type           Power        Failure   Level  Hunger
a - Shock                 Conj/Air       ####         1%          1    None
b - Swiftness             Chrm/Air       ####....     1%          2    ##.....
c - Static Discharge      Conj/Air       #####...     1%          3    ###....

Your spell library contained the following spells:

 Spells                   Type           Power        Failure   Level  Hunger
 Lightning Bolt           Conj/Air       #####.....   12%         5    ######.
 Spider Form              Tmut/Pois      ###.......   7%          3    ###....
 Blade Hands              Tmut           ###.......   43%         5    ######.
 Ice Form                 Ice/Tmut       ###.....     19%         4    ####...
 Airstrike                Air            #####.....   3%          4    ####...
 Sticks to Snakes         Tmut           ###.....     4%          2    ##.....
 Beastly Appendage        Tmut           ###...       2%          1    None


Dungeon Overview and Level Annotations

Branches:
Dungeon (4/15)             Temple (1/1) D:4

Altars:
Ashenzari
Elyvilon
Hepliaklqana
Kikubaaqudgha
Nemelex Xobeh
Okawaru
Qazlal
Sif Muna
Trog
Uskayaw
Wu Jian
Xom
Yredelemnul
Zin
The Shining One

Annotations:
D:3 NoiZ's ghost, amateur DECj


Innate Abilities, Weirdness & Mutations

You have a beak for a mouth.
You have claws for feet.
You can fly.
You are dopey. (Int -2)
Your spells are a little harder to cast, but a little more powerful.


Message History

You are too injured to fight recklessly!
Okay, then.
You barely miss the worker ant.
The worker ant is almost dead.
The worker ant bites you.
* * * LOW HITPOINT WARNING * * *
You are more poisoned.
The worker ant poisons you! The worker ant misses you.
You closely miss the worker ant.
You kill the worker ant!
Your Shields skill increases to level 3!
* * * LOW HITPOINT WARNING * * *
You feel sick.
It was a potion of mutation.
You feel extremely strange.
You feel stupid.
You feel less in control of your magic.
* * * LOW HITPOINT WARNING * * *
You feel sick.
It was a potion of brilliance.
You feel clever all of a sudden.
You die...

#........
#........
#........
#.........
###.........
###.......>...
#...P.P.......
#....@......#
#...P.P.....#
#...........#
#...$.<.....#
#...........#
#############


There were no monsters in sight!

Vanquished Creatures
  2 worker ants (D:4)
  3 gnolls (D:2)
  3 adders (D:2)
  4 worms
  3 dart slugs
  A leopard gecko (D:2)
  2 ball pythons (D:1)
  2 giant cockroaches (D:1)
  11 goblins
  6 hobgoblins
  6 kobolds
  4 bats
  A frilled lizard (D:1)
  13 rats
61 creatures vanquished.

Notes
Turn   | Place    | Note
-------+----------+-------------------------------------------
     0 | D:1      | Oravi the Tengu Air Elementalist began the quest for the Orb.
     0 | D:1      | Reached XP level 1. HP: 10/10 MP: 4/4
   116 | D:1      | Reached XP level 2. HP: 15/15 MP: 1/6
   346 | D:1      | Reached XP level 3. HP: 19/19 MP: 5/7
   350 | D:1      | Learned a level 2 spell: Swiftness
   354 | D:1      | Learned a level 3 spell: Static Discharge
   864 | D:2      | Reached XP level 4. HP: 5/24 MP: 2/9
  1317 | D:2      | Reached skill level 1 in Shields
  1584 | D:2      | Gained mutation: You can fly. [Tengu growth]
  1584 | D:2      | Reached XP level 5. HP: 24/28 MP: 6/10
  1596 | D:2      | Found an ancient bone altar of Kikubaaqudgha.
  1770 | D:2      | Found a bloodstained altar of Trog.
  1959 | D:3      | Noticed NoiZ's ghost (amateur DECj)
  2948 | D:4      | Found a staircase to the Ecumenical Temple.
  2960 | Temple   | Entered the Ecumenical Temple
  3108 | D:4      | Gained mutation: You are dopey. (Int -2) [potion of mutation]
  3108 | D:4      | Gained mutation: Your spells are a little harder to cast, but a little more powerful. [potion of mutation]
  3108 | D:4      | HP: 1/28 [poisoned by a worker ant]
  3109 | D:4      | Succumbed to a worker ant's poison

Vault maps used:
D:1:      minmay_arrival_four_loops, minmay_surrounded
D:2:      minmay_diamond_boxcup, kiku_gazebo_garden_becter,
          lightli_temple_of_fire, st_stairs_8, lemuel_old_faithful
D:3:      minmay_rat_hole
D:4:      grunt_gozag_statues, grunt_temple_overflow_open,
          minmay_temple_entry_trees, portal_sewer_entry_d, first_ration
Temple:   nicolae_temple_god_jail

Skill      XL: |  1  2  3  4  5 |
---------------+----------------+-----
Conjurations   | 2 3 |  3.2
Shields        | 2 3 |  3.2
Dodging        | |  2.1
Stealth        | |  2.0
Spellcasting   | |  2.8
Air Magic      | |  4.9

Action                   |  1- 3 |  4- 6 || total
-------------------------+-------+-------++-------
Melee: Unarmed           |     5 |       ||     5
       Kick              |     2 |     1 ||     3
       Peck              |     1 |     1 ||     2
       Whip              |       |     5 ||     5
 Cast: Shock             |    73 |   108 ||   181
  Use: Potion            |       |     2 ||     2
  Eat: Chunk             |     1 |     6 ||     7
Armor: Robe              |    10 |     8 ||    18
Dodge: Dodged            |    16 |    24 ||    40

Table legend:
 A = Spawn XP
 B = Non-spawn XP
 C = Spawn XP percentage of total XP
 D = Spawn monster count
 E = Non-spawn monster count
 F = Spawn count percentage of total count
 G = Total turns spent on level
                    A         B        C        D         E        F      G
               +---------+---------+-------+---------+---------+-------+---------
         Total |       0 |     253 |   0.0 |       0 |      61 |   0.0 |  3109
               +---------+---------+-------+---------+---------+-------+---------
           D:1 |       0 |      46 |   0.0 |       0 |      26 |   0.0 |   800
           D:2 |       0 |     124 |   0.0 |       0 |      22 |   0.0 |  1780
           D:3 |       0 |      17 |   0.0 |       0 |      11 |   0.0 |   368
           D:4 |       0 |      66 |   0.0 |       0 |       2 |   0.0 |    23
               +---------+---------+-------+---------+---------+-------+---------
